 Dungeon Crawl Stone Soup version 0.19.1 (webtiles) character file.

153 Menchi the Ducker (level 5, 23/23 HPs)
             Began as a Felid Warper on Dec 15, 2016.
             Quit the game on level 3 of the Dungeon.
             The game lasted 00:20:42 (6419 turns).

Menchi the Ducker (Felid Warper)                    Turns: 6419, Time: 00:20:43

Health: 23/23      AC:  2    Str:  7    XL:     5   Next: 12%
Magic:  10/10      EV: 21    Int: 14    God:
Gold:   161        SH:  0    Dex: 18    Spells: 2 memorised, 5 levels left
                                        Lives:  0   Deaths: 2

rFire  . . .     SeeInvis +       - Unarmed
rCold  . . .     Gourm    .     (armour unavailable)
rNeg   . . .     Faith    +     (shield unavailable)
rPois  .         Spirit   .     (helmet unavailable)
rElec  .         Reflect  .     (cloak unavailable)
rCorr  .         Harm     .     (gloves unavailable)
MR     .....                    (boots unavailable)
Stlth  +++.......               g - amulet of faith
                                (no ring)
                                i - ring of flight

@: quick
A: no armour, no weapons or thrown items, stealth, claws 1, fangs 3, see
invisible, carnivore 3, speed 1, shaggy fur 2, slow metabolism 1, sharp paws
a: Evoke Flight


You were on level 3 of the Dungeon.
You were not hungry.

You visited 1 branch of the dungeon, and saw 3 of its levels.

You collected 161 gold pieces.

Inventory:

Jewellery
 d - an uncursed ring of poison resistance {unknown}
 g - an amulet of faith (around neck)
 i - a ring of flight (left paw)
Wands
 k - a wand of flame (36/48)
 r - a wand of digging (9/24)
Scrolls
 b - a scroll of blinking
 j - a scroll of fear {unknown}
 l - 2 scrolls of noise {unknown}
 m - a scroll of identify
Potions
 e - a potion of magic {unknown}
 n - a potion of lignification {unknown}
 o - 2 potions of heal wounds {unknown}
 p - 2 potions of invisibility {unknown}
 q - 3 potions of curing {unknown}
Books
 a - a book of Spatial Translocations

   Spells                             Type                      Level
   a - Blink                          Translocation                2
   b - Shroud of Golubria             Charms/Translocation         2
   c - Lesser Beckoning               Translocation                3
   d - Portal Projectile              Translocation                3
   e - Teleport Other                 Translocation                3
   f - Passage of Golubria            Translocation                4
Comestibles
 c - 2 meat rations
 f - a beef jerky
 h - a royal jelly


   Skills:
 + Level 2.3 Fighting
 + Level 5.3 Dodging
 * Level 4.8 Stealth
 + Level 4.7 Unarmed Combat
 + Level 2.8 Spellcasting
 + Level 1.9 Charms
 + Level 5.1 Translocations


You had 5 spell levels left.
You knew the following spells:

 Your Spells              Type           Power        Failure   Level  Hunger
a - Shroud of Golubria    Chrm/Tloc      ##........   10%         2    ###....
b - Blink                 Tloc           N/A          4%          2    ###....


Dungeon Overview and Level Annotations

Branches:
Dungeon (3/15)

Altars:


Innate Abilities, Weirdness & Mutations

You cannot wear armour.
You are incapable of wielding weapons or throwing items.
Your paws allow you to move quietly. (Stealth)
You have sharp claws.
You have razor-sharp teeth.
You have supernaturally acute eyesight. (SInv)
You are carnivorous and can eat meat at any time.
You cover ground quickly.
You are covered in thick fur. (AC +2)
You have a slow metabolism.
Your sharp claws are effective at attacking unaware monsters.


Message History

You scratch the orc wizard but do no damage.
The orc wizard is almost dead.
The orc wizard completely misses you. The orc hits you but does no damage.
You closely miss the orc wizard.
The orc wizard is almost dead.
Your shroud unravels.
The orc barely misses you.
The orc wizard mumbles some strange words.
The orc wizard blinks!
The orc misses you. x2; The orc barely misses you.
You barely miss the orc. You claw the orc.
The orc is moderately wounded.
The orc hits you with a club.
You die...
The orc wizard mumbles some strange words.
The orc wizard blinks!
The orc misses you. The orc completely misses you.
You are now level 5!
You rejoin the land of the living...
You can't grasp things well enough to throw them.
Are you sure you want to abandon this character and quit the game? (Confirm with "yes".)

#.####.##.##.#
#.......#.##.#
##########.......#
#######...##
#.......#
###...##..%..##
#......<#
#.............##
#........
###..............#
#.#...#.#
......[..........#
#.#..##.#
#........@.....#
#.......#
#.#...........##
##...####
#............##
#...#
######)######....#
#...# #.)....#
##.#.# #...#
#......##
#.#.######...####
#.....#.##
#.#..............
#....###.#
#.#..............
#.....#.##
#.##.............


There were no monsters in sight!

Vanquished Creatures
  Sigmund (D:3)
  The ghost of Impy the Skirmisher, an amateur OgHu (D:3)
  An orc priest (D:3)
  Crazy Yiuf (D:2)
  Jessica (D:2)
  Ijyb (D:2)
  An orc wizard (D:2)
  5 adders (D:2)
  3 worms (D:2)
  3 dart slugs
  2 leopard geckos
  7 orcs
  A ball python (D:2)
  4 giant cockroaches
  9 goblins
  11 hobgoblins
  3 jackals (D:3)
  10 kobolds
  A quokka (D:2)
  14 bats
  6 frilled lizards
  11 rats
97 creatures vanquished.

Notes
Turn   | Place    | Note
-------+----------+-------------------------------------------
     0 | D:1      | Menchi the Felid Warper began the quest for the Orb.
     0 | D:1      | Reached XP level 1. HP: 9/9 MP: 4/4
   532 | D:1      | Reached XP level 2. HP: 13/13 MP: 6/6
   585 | D:1      | Reached skill level 1 in Stealth
  1838 | D:1      | Reached XP level 3. HP: 10/16 MP: 7/7
  2223 | D:2      | Noticed Ijyb
  2248 | D:2      | Killed Ijyb
  2522 | D:2      | Learned a level 2 spell: Shroud of Golubria
  2526 | D:2      | Learned a level 2 spell: Blink
  2568 | D:2      | Found a faded altar of an unknown god.
  2765 | D:2      | Reached XP level 4. HP: 18/19 MP: 8/8
  3869 | D:2      | Found a runed door.
  3937 | D:2      | Noticed Jessica
  3945 | D:2      | Killed Jessica
  3945 | D:2      | Reached XP level 5. HP: 7/22 MP: 6/9
  4880 | D:2      | Noticed Crazy Yiuf
  4887 | D:2      | Killed Crazy Yiuf
  5487 | D:2      | Reached skill level 1 in Charms
  5747 | D:3      | Noticed Sigmund
  5753 | D:3      | Killed Sigmund
  5753 | D:3      | Reached skill level 5 in Dodging
  5753 | D:3      | Reached skill level 5 in Translocations
  5753 | D:3      | Gained mutation: You are covered in thick fur. (AC +2) [Felid growth]
  5753 | D:3      | Reached XP level 6. HP: 21/26 MP: 7/10
  5824 | D:3      | Noticed Impy's ghost (amateur OgHu)
  5880 | D:3      | Killed Impy's ghost
  6316 | D:3      | Reached XP level 7. HP: 30/30 MP: 12/12
  6325 | D:3      | Killed from afar by an orc priest
  6326 | D:3      | Reached XP level 6. HP: -12/27 MP: 8/11
  6408 | D:3      | HP: 1/27 [orc wizard/magic dart (7)]
  6414 | D:3      | Slain by an orc
  6415 | D:3      | Reached XP level 5. HP: -4/23 MP: 10/10
  6419 | D:3      | Quit the game

Skill      XL: |  1  2  3  4  5 |
---------------+----------------+-----
Stealth        | 1 2 3 4 |  4.8
Dodging        | 4 5 |  5.3
Unarmed Combat | 3 4 |  4.7
Charms         | 1 |  1.9
Translocations | 5 |  5.1
Fighting       | |  2.3
Spellcasting   | |  2.8

Action                   |  1- 3 |  4- 6 |  7- 9 || total
-------------------------+-------+-------+-------++-------
Melee: Unarmed           |   125 |   249 |     3 ||   377
       Bite              |    10 |    21 |       ||    31
       Punch             |     2 |     5 |     1 ||     8
 Cast: Shroud of Golubri |     5 |    22 |       ||    27
       Blink             |     2 |     3 |     2 ||     7
  Use: Potion            |     2 |       |       ||     2
       Scroll            |       |     2 |       ||     2
 Stab: Sleeping          |     3 |     9 |       ||    12
       Distracted        |       |     1 |       ||     1
  Eat: Chunk             |    12 |     9 |       ||    21
Armor: Skin              |     6 |     7 |     1 ||    14
Dodge: Dodged            |   129 |   248 |     3 ||   380
